 Dungeon Crawl Stone Soup version 0.27-a0-334-g52645efa06 (webtiles) character file.

Game seed: 12652688137992258514

615 tilp the Insei (level 7, -3/45 HPs)
             Began as an Octopode Transmuter on Feb 13, 2021.
             Was an Initiate of Gozag.
             Slain by a centaur (4 damage)
             ... on level 5 of the Dungeon.
             The game lasted 00:08:39 (5136 turns).

tilp the Insei (Octopode Transmuter)                Turns: 5136, Time: 00:08:40

Health: -3/45      AC:  1    Str:  9    XL:     7   Next: 45%
Magic:  9/10       EV: 13    Int: 18    God:    Gozag
Gold:   809        SH:  5    Dex: 12    Spells: 4/10 levels left

rFire    . . .     SeeInvis .     - Unarmed
rCold    . . .     Faith    .   i - +0 buckler
rNeg     . . .     Spirit   .   (helmet currently unavailable)
rPois    .         Reflect  .   j - amulet of the acrobat
rElec    .         Harm     .   (no ring)
rCorr    .         Rampage  .   (no ring)
Will     .....                  (no ring)
Stlth    +++.......             (no ring)
HPRegen  0.15/turn              (no ring)
MPRegen  0.12/turn              (no ring)
                                (no ring)
                                (no ring)

@: appendages (expiring)
A: almost no armour, stealthy swim, amphibious, 8 rings, constrict 8, tentacle
spike 3, camouflage 1, gelatinous body 1
a: End Transformation, Renounce Religion, Potion Petition, Call Merchant, Bribe
Branch


You were on level 5 of the Dungeon.
You worshipped Gozag.
Gozag was pleased with you.
One of your tentacles had a temporary spike.
You visited 1 branch of the dungeon, and saw 5 of its levels.
You also visited: Ossuary.

You collected 836 gold pieces.
You paid 27 gold pieces to Gozag.

Inventory:

Missiles
 a - a poisoned dart (quivered)
 k - 5 curare-tipped darts
Armour
 i - a +0 buckler (worn)
Jewellery
 g - a ring of fire
 j - an amulet of the acrobat (around mantle)
Scrolls
 e - 2 scrolls of identify
 f - 3 scrolls of teleportation
 l - a scroll of fear {unknown}
 o - 2 scrolls of amnesia
 p - a scroll of enchant armour {unknown}
Potions
 b - 5 potions of lignification
 c - 2 potions of brilliance
 d - 2 potions of attraction
 h - a potion of mutation
 m - a potion of magic {unknown}
 n - 3 potions of curing {unknown}


   Skills:
 + Level 2.7 Fighting
 - Level 2.0 Dodging
 - Level 4.0 Stealth
 - Level 4.0 Shields
 - Level 6.0 Unarmed Combat
 - Level 2.0 Spellcasting
 - Level 2.0 Transmutations


You had 4 spell levels left.
You knew the following spells:

 Your Spells              Type           Power        Failure   Level
a - Beastly Appendage     Tmut           18%          8%          1
b - Wereblood             Tmut           9%           12%         2
c - Spider Form           Tmut/Pois      2%           34%         3

Your spell library contained the following spells:

 Spells                   Type           Power        Failure   Level
 Confusing Touch          Hex            1%           47%         3
 Gell's Gravitas          Tloc           0%           47%         3
 Ice Form                 Ice/Tmut       5%           75%         4
 Petrify                  Tmut/Erth      5%           75%         4
 Blade Hands              Tmut           4%           91%         5
 Yara's Violent Unravell  Hex/Tmut       2%           97%         5
 Metabolic Englaciation   Hex/Ice        0%           99%         5


Dungeon Overview and Level Annotations

Branches:
Dungeon (5/15)             Temple (0/1) D:4         Ossuary (visited)

Altars:
Cheibriados
Elyvilon
Fedhas
Gozag
Hepliaklqana
Kikubaaqudgha
Ru
Xom
Zin
The Shining One

Shops:
D:4 (

Annotations:
D:5 3 runed translucent doors, tilp's ghost, novice OpTm


Innate Abilities, Weirdness & Mutations

You cannot wear most types of armour.
You are very stealthy in the water. (Stealth+)
You are amphibious.
You can wear up to eight rings at the same time.
You can use your tentacles to constrict eight enemies at once.
Your skin changes colour to match your surroundings (Stealth+).
Your rubbery body absorbs attacks. (AC +1, EV +1)
One of your tentacles bears a large vicious spike.


Message History

There is an open door here.
You close the door.
You start resting.
The centaur shoots an arrow.
You block the arrow.
Casting: Beastly Appendage (safe; 8% risk of failure)
Confirm with . or Enter, or press ? or * to list all spells.
One of your tentacles grows a vicious spike.
The centaur shoots an arrow.
The arrow hits you!
* * * LOW HITPOINT WARNING * * *
The centaur unwields a +0 shortbow.
You block the centaur's attack.
There is an open door here.
You tentacle-slap the centaur but do no damage.
Your squeeze misses the centaur.
The centaur is lightly wounded.
The centaur completely misses you. The centaur closely misses you.
You tentacle-slap the centaur.
You pierce the centaur, but do no damage.
The centaur is moderately wounded.
The centaur closely misses you.
You tentacle-slap the centaur.
You pierce the centaur, but do no damage.
The centaur is heavily wounded.
The centaur hits you.
* * * LOW HITPOINT WARNING * * *
You tentacle-slap the centaur.
The centaur is heavily wounded.
You block the centaur's attack. x2
Really quaff the potion of lignification?
Okay, then.
You tentacle-slap the centaur. You squeeze the centaur.
The centaur is almost dead.
Your transformation is almost over.
The centaur hits you.
* * * LOW HITPOINT WARNING * * *
You tentacle-slap the centaur but do no damage.
You pierce the centaur, but do no damage.
The centaur is almost dead.
The centaur hits you.
You die...
Your body crumbles into a pile of gold.

#.#...........#
#.#...........#
#.######......# #.#
...#......# #.#
#.#+#'#### #.#
#......# #.#
#......# #.#
#......###### ###@##
#......'....# #..c.#
#......####.# #>...#
#...(..####.# #....#
#...........#
#....#........##....
#....###.#+#.###....
#...<.... #........
#.....## #####....
#(....# ###.#


You could see a centaur.

Vanquished Creatures
  An ogre (D:4)
  2 hounds
  A centaur skeleton (D:4)
  2 orc priests
  Jessica (D:3)
  2 iguanas
  2 worker ants
  A hound skeleton (D:4)
  3 mummies (Ossuary)
  9 adders
  2 ufetubi (D:5)
  2 oozes (D:3)
  2 adder zombies (Ossuary)
  2 adder skeletons
  A worm (D:5)
  A leopard gecko (D:4)
  8 orcs
  6 giant cockroaches
  5 goblins
  6 hobgoblins
  8 jackals
  4 kobolds
  2 quokkas
  6 bats
  5 frilled lizards
  4 goblin zombies (Ossuary)
  2 hobgoblin zombies (Ossuary)
  3 kobold zombies (Ossuary)
  A leopard gecko zombie (D:2)
  An orc zombie (Ossuary)
  3 quokka zombies (Ossuary)
  6 rats
  3 rat zombies (Ossuary)
107 creatures vanquished.

Vanquished Creatures (others)
  A hound zombie (D:5)
  19 plants (D:5)
20 creatures vanquished.

Grand Total: 127 creatures vanquished

Notes
Turn   | Place    | Note
-------+----------+-------------------------------------------
     0 | D:1      | tilp the Octopode Transmuter began the quest for the Orb.
     0 | D:1      | Reached XP level 1. HP: 13/13 MP: 3/3
    77 | D:1      | Reached skill level 1 in Stealth
   279 | D:1      | Reached XP level 2. HP: 16/18 MP: 5/5
   282 | D:1      | Learned a level 2 spell: Wereblood
   639 | D:1      | Reached XP level 3. HP: 20/23 MP: 6/6
   852 | D:2      | Found a glowing silver altar of Zin.
  1124 | D:2      | Found a snail-covered altar of Cheibriados.
  1130 | D:2      | Reached XP level 4. HP: 19/29 MP: 3/7
  1660 | D:2      | Found a hazy altar of Hepliaklqana.
  1660 | D:2      | Found an opulent altar of Gozag.
  1668 | D:2      | Found a shimmering altar of Xom.
  1670 | D:2      | Found an ancient bone altar of Kikubaaqudgha.
  1672 | D:2      | Found a faded altar of an unknown god.
  1681 | D:2      | Became a worshipper of Gozag Ym Sagoz the Greedy
  1988 | D:3      | Reached skill level 4 in Unarmed Combat
  2005 | D:3      | Learned a level 3 spell: Spider Form
  2347 | D:3      | Noticed Jessica
  2363 | D:3      | Killed Jessica
  2364 | D:3      | Reached XP level 5. HP: 22/34 MP: 8/8
  2754 | D:3      | Reached skill level 5 in Unarmed Combat
  2898 | D:3      | Found a white marble altar of Elyvilon.
  3150 | D:3      | Found a sacrificial altar of Ru.
  3369 | D:4      | Reached XP level 6. HP: 24/39 MP: 3/9
  3611 | D:4      | Found a staircase to the Ecumenical Temple.
  3785 | D:4      | Found a glowing golden altar of the Shining One.
  3847 | D:4      | Reached skill level 6 in Unarmed Combat
  3917 | D:4      | Found Osin's Antique Weapon Emporium.
  4181 | D:4      | Reached XP level 7. HP: 43/45 MP: 7/10
  4392 | D:5      | Entered Level 5 of the Dungeon
  4537 | D:5      | Found a sand-covered staircase.
  4547 | Ossuary  | Entered an ossuary
  4998 | D:5      | Noticed tilp's ghost (novice OpTm)
  4999 | D:5      | Found a runed translucent gate.
  4999 | D:5      | Found a runed translucent gate.
  4999 | D:5      | Found a runed translucent gate.
  5006 | D:5      | Found a blossoming altar of Fedhas.
  5135 | D:5      | HP: 1/45 [centaur (6)]
  5136 | D:5      | Slain by a centaur

Illustrated notes

Levels and vault maps discovered:
D:1:      lemuel_arrival_broad_hall, layout_rooms, st_stairs_12
D:2:      layout_basic, lemuel_round_altar, cheibriados_altar_1,
          chequers_temple_overflow_minitemple, grunt_ministairs_2,
          chequers_decorated_corner
D:3:      layout_loops_cross, nicolae_ru_the_path_less_chosen,
          overflow_temple_1_default, uniq_jessica
D:4:      layout_rooms, tso_oasis_becter, minmay_temple_entry_butterflies,
          serial_shops, nicolae_shop_stone
D:5:      layout_basic, fedhas_altar_1, gammafunk_ghost_split, enter_ossuary_1,
          lexackson_kobold_supper

Skill      XL: |  1  2  3  4  5  6  7 |
---------------+----------------------+-----
Stealth        | 2 3 4 |  4.0
Fighting       | 2 |  2.7
Unarmed Combat | 4 5 6 |  6.0
Shields        | 3 4 |  4.0
Dodging        | |  2.0
Spellcasting   | |  2.0
Transmutations | |  2.0

Action                   |  1- 3 |  4- 6 |  7- 9 || total
-------------------------+-------+-------+-------++-------
Melee: Unarmed           |    68 |   113 |    79 ||   260
       Constrict         |    20 |    28 |    24 ||    72
       Tentacles         |    13 |    25 |     9 ||    47
       Kick              |     8 |    24 |    18 ||    50
       Punch             |     1 |       |     2 ||     3
Throw: Dart              |     9 |    28 |     4 ||    41
 Cast: Beastly Appendage |     8 |    19 |    11 ||    38
       Wereblood         |     3 |     4 |     6 ||    13
  Use: Scroll            |     3 |     2 |     4 ||     9
       Potion            |       |       |     1 ||     1
 Stab: Sleeping          |     2 |     8 |     5 ||    15
Armor: Skin              |     3 |     6 |     1 ||    10
Dodge: Dodged            |    38 |    68 |    45 ||   151
Block: Buckler           |       |       |     5 ||     5

Table legend: (Time is in decaauts)
 A = Elapsed time spent in this place.
 B = Non-inter-level travel time spent in this place.
 C = Inter-level travel time spent in this place.
 D = Time resting spent in this place.
 E = Time spent auto-exploring this place.
 F = Levels seen in this place.
 G = Mean time per level.
                   A        B        C        D        E       F      G
               +--------+--------+--------+--------+--------+-----+--------+
         Total |   5127 |   4960 |    167 |    577 |   3419 |   6 |  854.5 |
       Dungeon |   4807 |   4640 |    167 |    504 |   3382 |   5 |  961.4 |
       Ossuary |    320 |    320 |      0 |     72 |     37 |   1 |  320.0 |
               +--------+--------+--------+--------+--------+-----+--------+

Top non-repeatable levels by time:
     D:3: 1413 daAuts
     D:2: 1193 daAuts
     D:4: 1072 daAuts
     D:1: 701 daAuts
     D:5: 425 daAuts
 Ossuary: 320 daAuts
